Map: Overgrowth LE (Void)

Players

Shame

  • Race: Zerg Zerg
  • League: Diamond
  • Spawn Location: 1:00

WayTeh - Winner!

  • Race: Protoss Protoss
  • League: Master
  • Spawn Location: 7:00

VOD

Have the link to the VOD?

Description

Time

  • Played on: Jan. 20, 2017, 5:52 a.m.
  • Length: 9:29
Show
View Real Time Build Order
Export as new Build Order

Shame Zerg 

Build Orders: Pool First 

Get SALT Encoding   

  12  0:00  Drone  
  13  0:12  Overlord  
  13  0:17  Drone  
  14  0:31  Drone x2  
  16  0:38  Drone  
  17  0:51  Drone  
  17  0:54  Extractor  
  17  1:01  Drone  
  18  1:07  Drone  
  19  1:14  Spawning Pool  
  18  1:19  Hatchery  
  18  1:23  Drone  
  18  1:29  Drone  
  19  1:50  Hatchery  
  18  2:01  Zergling x6  
  21  2:08  Metabolic Boost  
  21  2:23  Overlord  
  21  2:30  Queen, Drone  
  21  2:31  Drone  
  25  2:38  Queen  
  25  2:42  Drone  
  28  2:45  Drone  
  28  2:49  Drone  
  30  2:58  Drone x2  
  31  3:03  Queen  
  31  3:05  Drone  
  34  3:11  Drone x2  
  36  3:14  Drone x2  
  36  3:18  Drone  
  39  3:23  Evolution Chamber  
  39  3:24  Drone  
  39  3:27  Drone x2  
  41  3:37  Roach Warren  
  41  3:40  Extractor, Drone x2  
  41  3:41  Extractor  
  41  3:43  Overlord  
  40  3:49  Zerg Missile Weapons Level 1  
  40  3:52  Overlord  
  40  4:02  Spore Crawler  
  40  4:03  Spore Crawler  
  40  4:05  Spore Crawler  
  40  4:09  Drone x4  
  42  4:10  Drone x2  
  43  4:19  Lair  
  43  4:22  Drone  
  44  4:27  Roach  
  46  4:31  Drone  
  46  4:32  Drone x2  
  46  4:34  Drone  
  46  4:37  Roach  
  52  4:41  Roach  
  52  4:45  Roach x2  
  57  4:49  Overlord  
  57  5:02  Overlord  
  57  5:09  Roach x2  
  57  5:10  Roach x2  
  57  5:11  Overlord  
  57  5:12  Overlord  
  65  5:16  Glial Reconstitution  
  65  5:22  Roach x2  
  69  5:34  Roach x4  
  75  5:39  Overseer  
  72  5:44  Roach x3  
  72  5:45  Overlord  
  78  5:51  Overseer  
  78  5:59  Drone x4  
  82  6:07  Ravager x2  
  82  6:08  Ravager  
  84  6:12  Roach x2  
  84  6:17  Hatchery  
  87  6:23  Extractor  
  87  6:24  Overlord x3  
  87  6:43  Roach x6  
  99  6:47  Roach  
  99  7:00  Roach x5  
  91  7:05  Zerg Missile Weapons Level 2  
  91  7:08  Drone x5  
  93  7:11  Extractor  
  93  7:22  Roach x2  
  97  7:24  Ravager  
  97  7:27  Roach x2  
  97  7:29  Drone x2  
  104  7:30  Queen  
  104  7:35  Roach x2  
  110  7:37  Drone  
  104  7:53  Roach x2  
  104  7:54  Roach x2  
  112  7:59  Ravager  
  112  8:01  Overseer  
  112  8:03  Drone  
  112  8:04  Overlord x2  
  114  8:07  Overlord  
  114  8:21  Queen  
  114  8:22  Roach x2  
  114  8:23  Roach x2  
  114  8:25  Ravager x2  
  114  8:26  Overlord  
  126  8:33  Roach x2  
  130  8:36  Overlord x2  
  130  8:43  Overlord  
  130  8:44  Overlord  
  130  8:46  Ravager x2  
  132  8:51  Roach x3  
  132  8:55  Zergling x4  
  140  9:03  Roach x4  
Show
View Real Time Build Order
Export as new Build Order

WayTeh Protoss - Winner!

Build Orders: 1 Gate Expand, Zealot Archon, Dark Templar Rush 

Get SALT Encoding   

  12  0:01  Probe (Chrono Boost)  
  13  0:11  Probe (Chrono Boost)  
  14  0:19  Pylon  
  14  0:22  Probe (Chrono Boost)  
  15  0:37  Probe (Chrono Boost)  
  15  0:40  Gateway  
  16  0:47  Probe (Chrono Boost)  
  16  0:49  Assimilator  
  17  0:58  Probe (Chrono Boost)  
  18  1:08  Probe (Chrono Boost)  
  19  1:19  Probe (Chrono Boost)  
  19  1:24  Nexus  
  20  1:33  Cybernetics Core  
  20  1:36  Probe (Chrono Boost)  
  21  1:41  Assimilator  
  22  1:47  Probe (Chrono Boost)  
  22  1:51  Pylon  
  22  1:57  Probe (Chrono Boost)  
  23  2:07  Adept  
  23  2:11  Probe (Chrono Boost), Warp Gate  
  28  2:24  Mothership Core (Chrono Boost)  
  28  2:26  Pylon  
  28  2:36  Probe (Chrono Boost)  
  29  2:42  Probe (Chrono Boost)  
  30  2:47  Probe (Chrono Boost)  
  30  2:50  Twilight Council  
  31  2:53  Probe (Chrono Boost)  
  31  2:57  Probe (Chrono Boost)  
  33  3:03  Probe (Chrono Boost)  
  33  3:04  Robotics Facility  
  34  3:08  Probe (Chrono Boost)  
  35  3:14  Probe (Chrono Boost)  
  35  3:18  Probe (Chrono Boost)  
  37  3:24  Probe (Chrono Boost)  
  38  3:29  Probe (Chrono Boost)  
  38  3:30  Dark Shrine  
  38  3:31  Gateway  
  38  3:33  Gateway  
  39  3:35  Gateway  
  39  3:38  Probe (Chrono Boost)  
  39  3:41  Probe (Chrono Boost)  
  42  3:48  Warp Prism  
  42  3:50  Assimilator  
  42  3:53  Assimilator  
  45  3:55  Probe (Chrono Boost)  
  45  3:56  Probe (Chrono Boost)  
  45  4:06  Probe (Chrono Boost)  
  45  4:07  Pylon  
  45  4:08  Probe (Chrono Boost)  
  47  4:10  Pylon  
  47  4:16  Probe (Chrono Boost)  
  48  4:21  Probe (Chrono Boost)  
  49  4:27  Probe (Chrono Boost)  
  49  4:29  Adept x2  
  54  4:32  Adept  
  54  4:33  Probe (Chrono Boost), Adept  
  59  4:48  Nexus  
  59  4:49  Pylon  
  59  4:55  Pylon  
  59  4:57  Dark Templar x2  
  59  4:58  Dark Templar  
  65  5:02  Dark Templar  
  65  5:08  Dark Templar  
  65  5:10  Immortal  
  65  5:12  Probe (Chrono Boost)  
  69  5:14  Probe (Chrono Boost)  
  73  5:25  Probe (Chrono Boost)  
  73  5:26  Probe (Chrono Boost)  
  75  5:29  Charge  
  71  5:36  Probe (Chrono Boost)  
  71  5:38  Probe (Chrono Boost)  
  71  5:46  Probe (Chrono Boost)  
  71  5:50  Probe (Chrono Boost)  
  71  5:52  Immortal  
  72  5:57  Probe (Chrono Boost)  
  72  6:02  Stalker x2, Gateway x2  
  80  6:04  Forge  
  80  6:05  Sentry  
  80  6:06  Sentry  
  80  6:08  Probe (Chrono Boost)  
  80  6:10  Probe (Chrono Boost)  
  86  6:12  Archon  
  86  6:13  Archon  
  86  6:17  Probe (Chrono Boost)  
  87  6:21  Probe (Chrono Boost)  
  87  6:22  Probe (Chrono Boost)  
  89  6:27  Gateway  
  89  6:31  Gateway  
  89  6:32  Pylon  
  89  6:33  Pylon  
  89  6:42  Protoss Ground Weapons Level 1  
  89  6:45  Zealot x4  
  83  7:01  Observer  
  87  7:08  Probe x2 (Chrono Boost)  
  87  7:09  Probe (Chrono Boost)  
  87  7:11  Zealot x4  
  95  7:17  Immortal  
  95  7:18  Pylon x2  
  95  7:19  Probe x2 (Chrono Boost)  
  95  7:20  Pylon  
  95  7:21  Probe (Chrono Boost)  
  102  7:23  Pylon  
  102  7:24  Pylon  
  102  7:29  Probe (Chrono Boost)  
  103  7:49  Probe (Chrono Boost)  
  103  7:50  Probe (Chrono Boost)  
  105  7:51  Assimilator x2, Zealot x4  
  105  7:52  Zealot x4, Immortal  
  105  7:56  Robotics Facility  
  125  8:01  Robotics Bay  
  125  8:20  Zealot x4  
  125  8:21  Zealot x4  
  141  8:41  Nexus  
  141  8:44  Pylon  
  141  8:45  Pylon  
  141  8:46  Dark Templar x4  
  141  8:47  Dark Templar x3  
  141  8:48  Pylon, Sentry  
  157  8:50  Pylon, Archon x3  
  133  9:23  Zealot x5  
  133  9:24  Zealot x3  
Tags
 
Add a new tag
Caveats
  • Supply blocks, unpowered buildings, or Contaminate may cause inaccurate times.
  • Supply counts are checked every 10 seconds.